 Dungeon Crawl Stone Soup version 0.30-a0-1066-g63dfefce0d (webtiles) character file.

Game seed: 14590772037650578749

5262 freelancePsychic the Destroyer (level 10, -15/92 HPs)
             Began as an Armataur Conjurer on Apr 12, 2023.
             Was a Follower of Ashenzari.
             Demolished by a two-headed ogre
             ... wielding a +0 dire flail
              (20 damage)
             ... on level 9 of the Dungeon.
             The game lasted 00:18:07 (8279 turns).

freelancePsychic the Destroyer (Armataur Conjurer)  Turns: 8279, Time: 00:18:07

Health: -15/92     AC: 11    Str: 12    XL:     10   Next: 36%
Magic:  9/13       EV:  7    Int: 24    God:    Ashenzari [*.....]
Gold:   589        SH:  0    Dex:  8    Spells: 7/13 levels left

rFire   + . .      SeeInvis .    h - +4 rapier (venom)
rCold   . . .      Faith    .    (no shield)
rNeg    . . .      Spirit   .    a - +0 robe
rPois   .          Reflect  .    (no helmet)
rElec   .          Roll     +    (no cloak)
rCorr   .                        b - +0 pair of gloves "Unveiling Fetters" {Range, Cun} (curse)
Will    .....                    d - +2 barding
Stlth   +++                      (no amulet)
HPRegen 0.35/turn                p - ring "Loss of Ashenzari" {rF+, Melee, Elem} (curse)
MPRegen 0.13/turn                (no ring)

@: mighty, lethally poisoned (-15 -> -19)
A: large, rugged brown scales 3, deformed body, armoured tail, roll, long
tongue, awkward tongue
a: Renounce Religion, Shatter the Chains


You were on level 9 of the Dungeon.
You worshipped Ashenzari.
Ashenzari was aware of your devotion.
You visited 2 branches of the dungeon, and saw 10 of its levels.

You collected 627 gold pieces.
You spent 38 gold pieces at shops.

Inventory:

Hand Weapons
 g - a +4 dagger
 h - a +4 rapier of venom (weapon)
Missiles
 e - 3 throwing nets
Armour
 a - a +0 robe (worn)
 b - the cursed +0 pair of gloves "Unveiling Fetters" (worn) {Range, Cun}
   (You found it on level 1 of the Dungeon)

   It has a curse which improves the following skills: Ranged Combat: Ranged
   Weapons and Throwing.
   Cunning:   Dodging and Stealth.
 d - a +2 barding (worn)
Jewellery
 p - the cursed ring "Loss of Ashenzari" (left hand) {rF+, Melee, Elem}
   (You found it on level 4 of the Dungeon)

   [ring of protection from fire]

   rF:        It protects you from fire.
   It has a curse which improves the following skills: Melee Combat: Short
   Blades, Long Blades, Axes, Maces & Flails, Polearms, Staves and Unarmed
   Combat.
   Elements:  Fire Magic, Ice Magic, Air Magic and Earth Magic.
Wands
 i - a wand of digging (1)
Scrolls
 j - 2 scrolls of vulnerability
 l - a scroll of immolation
 m - a scroll of poison
 s - 3 scrolls of amnesia
Potions
 c - 3 potions of attraction
 f - 4 potions of lignification
 k - 3 potions of mutation
 n - 3 potions of flight
 o - 4 potions of degeneration
 q - a potion of might
 v - a potion of cancellation


   Skills:
 + Level 7.2 Fighting
 - Level 4.0(4.7) Short Blades
 - Level 1.3(1.9) Dodging
 - Level 6.1(6.9) Stealth
 - Level 2.0 Spellcasting
 + Level 8.2 Conjurations
 + Level 7.1(7.9) Air Magic
 - Level 1.5 Poison Magic


You had 7 spell levels left.
You knew the following spells:

 Your Spells              Type           Power      Damage    Failure   Level
a - Magic Dart            Conj           100%       1d8       1%          1
b - Searing Ray           Conj           82%        2d7       1%          2
c - Mephitic Cloud        Conj/Pois/Air  30%        N/A       3%          3

Your spell library contained the following spells:

 Spells                   Type           Power      Damage    Failure   Level
 Dazzling Flash           Conj/Hex       44%        N/A       7%          3
 Vhi's Electric Charge    Tloc/Air       42%        N/A       7%          3
 Apportation              Tloc           4%         N/A       12%         1
 Necrotise                Necr           8%         1d4       12%         1
 Summon Small Mammal      Summ           8%         N/A       12%         1
 Arcjolt                  Conj/Air       20%        1d30      12%         5
 Call Imp                 Summ           4%         N/A       19%         2
 Scorch                   Fire           4%         2d5       19%         2
 Sublimation of Blood     Necr           2%         N/A       19%         2
 Wereblood                Tmut           2%         N/A       19%         2
 Flame Wave               Conj/Fire      22%        2d8       22%         4
 Fulminant Prism          Conj/Hex       11%        3d8       22%         4
 Iskenderun's Mystic Bla  Conj/Tloc      22%        2d6       22%         4
 Plasma Beam              Fire/Air       10%        2x1d23    98%         6
 Summon Cactus Giant      Summ           1%         N/A       100%        6
 Summon Hydra             Summ           1%         N/A       100%        7


Dungeon Overview and Level Annotations

Branches:
Dungeon (10/15)            Temple (1/1) D:5
   Lair: D:8-11         Orc: D:9-12

Altars:
Ashenzari
Cheibriados
Dithmenos
Gozag
Hepliaklqana
Kikubaaqudgha
Makhleb
Nemelex Xobeh
Okawaru
Qazlal
Sif Muna
Trog
Uskayaw
Vehumet
Xom
Zin

Shops:
D:2 ?*=::

Annotations:
D:5 Grinder
D:7 3 runed translucent doors, bmack86's ghost, novice MiFi


Innate Abilities, Weirdness & Mutations

You are completely covered in rugged brown scales. (AC +3, +7% HP)
Armour fits poorly on your strangely shaped body.
You have a long armoured tail.
You roll when moving toward enemies. (Rampage)
Your long tongue fully drains potion bottles. (2x potion effects)
Your tongue gives you trouble enunciating. (1.5x scroll delay)


Message History

The two-headed ogre hits you with a +0 giant spiked club!
* * * LOW HITPOINT WARNING * * *
The two-headed ogre attacks as you move away!
The two-headed ogre closely misses you. x2;
Found a stone staircase leading up.
A killer bee comes into view.
The water moccasin attacks as you move away!
The water moccasin completely misses you.
The water moccasin bites you.
* * * LOW HITPOINT WARNING * * *
You are poisoned.
The water moccasin poisons you!
Okay, then.
Okay, then.
Okay, then.
You feel very mighty all of a sudden.
You slurp down every last drop of the potion of might!
You feel very sick. The water moccasin closely misses you.
You hit the water moccasin.
The water moccasin is poisoned.
Your tail-slap misses the water moccasin.
The water moccasin is lightly wounded.
You feel sick. The water moccasin bites you.
* * * LOW HITPOINT WARNING * * *
You miss the water moccasin.
The water moccasin is lightly wounded.
You feel sick.
The water moccasin bites you but does no damage. x2
You puncture the water moccasin!
The water moccasin looks as sick as possible!
The water moccasin is severely wounded.
You feel sick.
The water moccasin bites you but does no damage.
You puncture the water moccasin!
You kill the water moccasin!
You feel sick.
The two-headed ogre attacks as you move away!
The two-headed ogre hits you with a +0 dire flail!
* * * LOW HITPOINT WARNING * * *
The two-headed ogre hits you with a +0 giant spiked club!!
You die...

..## #........#.....#
)).####.....#.......##
...)>.#....###.....##
............#..##.##
####........##.####
#.....#...##..#
#....#.........##
#....##..........###
..............#.@..#
..............###O##
#....#..##.##..#...#
## #..#...###
#........##
#...#......#####
<...###.........###
...# ##......#....#
..................#


You could see a two-headed ogre.

Vanquished Creatures
  A two-headed ogre (D:9)
  Lodul (D:10)
  Joseph (D:7)
  A gargoyle (D:10)
  Eustachio (D:4)
  3 yaks (D:10)
  A steam dragon (D:9)
  Menkaure (D:6)
  A water moccasin (D:9)
  An ice beast (D:5)
  2 orc warriors
  8 ogres
  A phantom (D:3)
  Blork the orc (D:5)
  2 scorpions
  2 gnoll sergeants
  4 wights
  5 howler monkeys (D:7)
  4 hounds
  7 orc priests
  2 jellies
  Terence (D:2)
  Jessica (D:2)
  8 orc wizards
  10 gnolls
  8 adders
  A white imp (D:7)
  An ufetubus (D:6)
  5 worms
  30 orcs
  5 ball pythons
  5 bats
  13 endoplasms
  7 goblins
  5 hobgoblins
  8 jackals
  4 kobolds
  3 quokkas
  2 frilled lizards (D:1)
  4 rats
171 creatures vanquished.

Notes
Turn   | Place    | Note
-------+----------+-------------------------------------------
     0 | D:1      | freelancePsychic the Armataur Conjurer began the quest for
                  | the Orb.
     0 | D:1      | Reached XP level 1. HP: 14/14 MP: 3/3
   318 | D:1      | Reached XP level 2. HP: 23/23 MP: 1/4
   321 | D:1      | Learned a level 2 spell: Searing Ray
   695 | D:1      | Reached skill level 1 in Fighting
   695 | D:1      | Reached XP level 3. HP: 29/29 MP: 3/6
   993 | D:2      | Found a sparkling altar of Nemelex Xobeh.
  1008 | D:2      | Noticed Terence
  1253 | D:2      | Killed Terence
  1403 | D:2      | Reached XP level 4. HP: 35/37 MP: 1/7
  1558 | D:2      | Found Jitalequ's Book Shop.
  1635 | D:2      | Found Qaur Xilod's Book Shop.
  1866 | D:2      | Found Maehuaw's Assorted Antiques.
  1867 | D:2      | Noticed Jessica
  1874 | D:2      | Killed Jessica
  1875 | D:2      | Reached skill level 4 in Conjurations
  1948 | D:2      | Bought a scroll of identify for 38 gold pieces
  2042 | D:2      | Found Kebruupn's Magic Scroll Emporium.
  2054 | D:2      | Reached skill level 1 in Air Magic
  2054 | D:2      | Found Gurghef's Jewellery Shop.
  2266 | D:2      | Reached skill level 1 in Poison Magic
  2411 | D:3      | Reached XP level 5. HP: 42/42 MP: 0/8
  2538 | D:3      | Noticed a phantom
  2583 | D:3      | Killed a phantom
  2684 | D:3      | Found a faded altar of an unknown god.
  3097 | D:4      | Noticed a phantom
  3169 | D:3      | Learned a level 3 spell: Mephitic Cloud
  3461 | D:4      | Reached skill level 5 in Stealth
  3461 | D:4      | Reached XP level 6. HP: 51/51 MP: 9/9
  3800 | D:4      | Found a shimmering altar of Xom.
  3955 | D:5      | Entered Level 5 of the Dungeon
  3963 | D:5      | Noticed Eustachio
  4033 | D:4      | Killed Eustachio
  4034 | D:4      | Reached XP level 7. HP: 30/59 MP: 0/10
  4222 | D:5      | Noticed Blork the orc
  4249 | D:5      | Killed Blork the orc
  4331 | D:5      | Reached skill level 1 in Short Blades
  4490 | D:5      | Reached skill level 5 in Conjurations
  4615 | D:5      | Noticed Grinder
  4773 | D:5      | Found a staircase to the Ecumenical Temple.
  4836 | Temple   | Entered the Ecumenical Temple
  4883 | Temple   | Became a worshipper of Ashenzari the Shackled
  5458 | D:6      | Reached XP level 8. HP: 32/67 MP: 4/11
  6897 | D:7      | Noticed Menkaure
  6995 | D:7      | Reached skill level 6 in Conjurations
  7137 | D:7      | Noticed Joseph
  7157 | D:7      | Killed Joseph
  7158 | D:7      | Reached skill level 5 in Fighting
  7158 | D:7      | Reached XP level 9. HP: 29/79 MP: 6/12
  7164 | D:6      | Killed Menkaure
  7165 | D:6      | Reached skill level 5 in Air Magic
  7549 | D:7      | Found a runed translucent gate.
  7549 | D:7      | Found a runed translucent gate.
  7549 | D:7      | Found a runed translucent gate.
  7551 | D:7      | Noticed bmack86's ghost (novice MiFi)
  7681 | D:7      | You fall into a shaft and drop 3 floors!
  7681 | D:10     | Entered Level 10 of the Dungeon
  7804 | D:10     | Reached * piety under Ashenzari
  7849 | D:10     | Reached skill level 7 in Conjurations
  7851 | D:10     | Noticed Lodul
  7865 | D:10     | Noticed a gargoyle
  7871 | D:10     | Killed a gargoyle
  7879 | D:10     | Killed Lodul
  7880 | D:10     | Reached XP level 10. HP: 89/89 MP: 3/13
  7981 | D:9      | Noticed a two-headed ogre
  7993 | D:9      | Killed a two-headed ogre
  7994 | D:9      | Reached skill level 8 in Conjurations
  8261 | D:9      | Noticed a two-headed ogre
  8279 | D:9      | Demolished by a two-headed ogre

Illustrated notes

Levels and vault maps discovered:
D:1:      erik_arrival_cave_to_civilisation [erik_arrival_cave_to_hall],
          layout_rooms
D:2:      layout_basic, basic_altar, serial_shops, nicolae_shop_hallway_plus,
          nicolae_shop_trees, shop, shop, nicolae_shop_waterfront,
          dreamdust_princess_bridge, uniq_terence, uniq_jessica
D:3:      layout_rooms, shapermc_ecumenical_altar_totnotflames
D:4:      layout_rooms, tgw_xom
D:5:      layout_rooms, temple_hall, uniq_eustachio, uniq_grinder,
          uniq_blork_the_orc
D:6:      layout_rooms
D:7:      layout_rooms, ebering_ghost_rock_garden, serial_shops,
          nicolae_shop_behind_doors, uniq_joseph, uniq_menkaure
D:9:      minmay_the_grid_square_5x5_4x4 [minmay_the_grid_square_5x5_inner_i,
          minmay_the_grid_square_5x5_shuriken, minmay_the_grid_square_5x5_bite,
          minmay_the_grid_square_5x5_empty,
          minmay_the_grid_square_5x5_three_small,
          minmay_the_grid_square_5x5_prize_deathbox,
          minmay_the_grid_square_5x5_prize_snowflake,
          minmay_the_grid_square_5x5_inner_v, minmay_the_grid_square_5x5_inset,
          minmay_the_grid_square_5x5_prize_open,
          minmay_the_grid_square_5x5_prize_junk,
          minmay_the_grid_square_5x5_two_small,
          minmay_the_grid_square_5x5_percent, minmay_the_grid_square_5x5_two,
          minmay_the_grid_square_5x5_shrine1,
          minmay_the_grid_square_5x5_six_small], layout_cave_pools,
          nrook_loot_triangle, minivault_5, uniq_erolcha
D:10:     layout_irregular_city, grunt_decor_mini_mirrors, uniq_lodul
Temple:   regret_index_temple_sigil_plot

Skill      XL: |  1  2  3  4  5  6  7  8  9 10 |
---------------+-------------------------------+-----
Spellcasting   | 2 |  2.0
Stealth        | 3 4 5 6 |  6.1
Fighting       | 1 2 3 5 6 7 |  7.2
Conjurations   | 4 5 6 7 8 |  8.2
Air Magic      | 1 2 3 4 6 7 |  7.1
Poison Magic   | 1 |  1.5
Short Blades   | 1 4 |  4.0
Dodging        | |  1.3

Action                     |  1- 3 |  4- 6 |  7- 9 | 10-12 || total
---------------------------+-------+-------+-------+-------++-------
  Melee: Unarmed           |     7 |       |       |       ||     7
         Tailslap          |     1 |    12 |    29 |     7 ||    49
         Dagger            |     6 |   111 |       |       ||   117
         Rapier            |       |       |   213 |    30 ||   243
   Cast: Magic Dart        |    18 |     2 |     1 |       ||    21
         Searing Ray       |    16 |    34 |    25 |     1 ||    76
         Mephitic Cloud    |       |       |     9 |     4 ||    13
 Invoke: Curse Item        |       |       |     2 |       ||     2
    Use: Potion            |     1 |     4 |     6 |     1 ||    12
         Scroll            |       |    10 |     5 |       ||    15
   Stab: Sleeping          |       |     6 |     7 |       ||    13
         Confused          |       |       |     4 |     1 ||     5
 Armour: Robe              |    15 |    88 |   121 |    13 ||   237
         Skin              |       |    47 |       |       ||    47
  Dodge: Dodged            |     5 |    39 |    89 |    13 ||   146

Table legend: (Time is in decaauts)
 A = Elapsed time spent in this place.
 B = Non-inter-level travel time spent in this place.
 C = Inter-level travel time spent in this place.
 D = Time resting spent in this place.
 E = Time spent auto-exploring this place.
 F = Levels seen in this place.
 G = Mean time per level.
                   A        B        C        D        E       F      G
               +--------+--------+--------+--------+--------+-----+--------+
         Total |   8306 |   7900 |    406 |    731 |   5754 |  10 |  830.6 |
       Dungeon |   8234 |   7855 |    379 |    731 |   5721 |   9 |  914.9 |
        Temple |     71 |     45 |     26 |      0 |     33 |   1 |   71.0 |
               +--------+--------+--------+--------+--------+-----+--------+

Top non-repeatable levels by time:
     D:5: 1679 daAuts
     D:6: 1211 daAuts
     D:2: 1201 daAuts
     D:1: 1177 daAuts
     D:4: 983 daAuts
     D:3: 809 daAuts
     D:7: 576 daAuts
     D:9: 303 daAuts
    D:10: 292 daAuts
  Temple: 71 daAuts
